 Dungeon Sprint DCSS version 0.17-a0-1651-gae1a69f (webtiles) character file.

109652 Kidiri the Imperceptible (level 15, -13/63 HPs)
             Began as a Spriggan Enchanter on Aug 14, 2015.
             Was the Champion of Dithmenos.
             Blown up by Boris (45 damage)
             ... with a wavering orb of destruction
             ... in the Dungeon (Sprint III: "The Ten Rune Challenge").
             The game lasted 00:50:57 (11562 turns).

Kidiri the Imperceptible (Spriggan Enchanter)      Turns: 11562, Time: 00:50:57

Health: -13/63     AC: 14    Str:  6    XL:     15   Next: 27%
Magic:  6/49       EV: 40    Int: 22    God:    Dithmenos [******]
Gold:   2951       SH:  2    Dex: 21    Spells: 13 memorised, 5 levels left

rFire  . . .     SeeInvis +     d - +0 dagger (elec)
rCold  + + .     Clarity  .     b - +1 robe
rNeg   + + +     SustAt   .     (shield restricted)
rPois  +         Gourm    .     m - +1 hat
rElec  .         Spirit   .     t - +2 cloak
rCorr  .         Warding  .     (gloves unavailable)
rMut   .         NoTele   +     (boots unavailable)
MR     ++...                    (no amulet)
Stlth  ++++++++++               o - ring of Secrit {Ice rPois Int+3 SInv}
                                k - ring of Surprise {*Drain rF+ rN+++ MP+9 SInv}

@: wreathed by umbra, very quick, very resistant to hostile enchantments,
uncannily stealthy
A: unfitting armour, fangs 1, icy blue scales 1, iridescent scales 1, large bone
plates 1, see invisible, cold resistance 1, herbivore 3, speed 3, slow
metabolism 2, strong 1
a: Shadow Step, Shadow Form, Renounce Religion
}: 2/10 runes: serpentine, barnacled


You were in the Dungeon.
You worshipped Dithmenos.
Dithmenos was exalted by your worship.
You were very full.

You visited 1 branch You collected 3465 gold pieces.
You spent 514 gold pieces at shops.

Inventory:

Hand weapons
 a - a +2 dagger
 d - a +0 dagger of electrocution (weapon)
 j - a +1 rapier of venom
 r - a +2 short sword of draining
Missiles
 s - 13 throwing nets (quivered)
Armour
 b - a +1 robe (worn)
 m - a +1 hat (worn)
 t - a +2 cloak (worn)
Jewellery
 k - the ring of Surprise (left hand) {*Drain rF+ rN+++ MP+9 SInv}
   (You found it in the Dungeon)

   [ring of see invisible]

   It protects you from fire.
   It renders you almost immune to negative energy.
   It affects your magic capacity (+9).
   It lets you see invisible.
   It causes draining when unequipped.
 o - the ring of Secrit (right hand) {Ice rPois Int+3 SInv}
   (You found it in the Dungeon)

   [ring of ice]

   It enhances your ice magic, and weakens your fire magic.
   It affects your intelligence (+3).
   It makes you vulnerable to fire.
   It protects you from cold.
   It protects you from poison.
   It lets you see invisible.
Magical devices
 f - a wand of polymorph (10)
Scrolls
 i - 2 scrolls of blinking
 l - 2 scrolls of holy word
 q - a scroll of recharging
 u - a scroll of identify
Potions
 e - 4 potions of curing
 g - 2 potions of haste
 h - a potion of magic
 p - a potion of cure mutation
 w - a potion of heal wounds
Comestibles
 c - 25 royal jellies
 n - 7 fruits
 v - a bread ration


   Skills:
 + Level 14.5 Short Blades
 * Level 24.0 Dodging
 * Level 25.8 Stealth
 * Level 20.8 Spellcasting
 + Level 10.3 Conjurations
 + Level 16.0 Hexes
 + Level 7.4 Charms
 + Level 6.9 Summonings
 + Level 4.8 Necromancy
 + Level 7.7 Translocations
 + Level 11.3 Ice Magic
 + Level 7.8 Earth Magic
 + Level 12.2 Poison Magic
 - Level 3.4 Invocations


You had 5 spell levels left.
You knew the following spells:

 Your Spells              Type           Power        Failure   Level  Hunger
a - Corona                Hex            #######      0%          1    None
b - Ensorcelled Hibernat  Hex/Ice        ######       0%          2    None
c - Confuse               Hex            #######.     0%          3    None
d - Tukima's Dance        Hex            #######.     0%          3    None
e - Dazzling Spray        Conj/Hex       ######..     1%          3    None
f - Fulminant Prism       Conj/Hex       ######....   1%          4    None
g - Iskenderun's Mystic   Conj           ######..     1%          4    None
h - Venom Bolt            Conj/Pois      ######....   1%          5    None
i - Iron Shot             Conj/Erth      ######....   10%         6    ###....
j - Orb of Destruction    Conj           ######....   24%         7    #####..
k - Spellforged Servitor  Conj/Summ      ######....   58%         7    #####..
l - Shroud of Golubria    Chrm/Tloc      ######....   1%          2    None
m - Regeneration          Chrm/Necr      #####.....   1%          3    None


Dungeon Overview and Level Annotations

Branches:
Dungeon (1/1)

Altars:
Cheibriados
Dithmenos
Elyvilon
Fedhas
Gozag
Kikubaaqudgha
Makhleb
Nemelex Xobeh
Okawaru
Qazlal
Ru
Sif Muna
Trog
Vehumet
Xom
Yredelemnul
Zin
The Shining One
Jiyva
Lugonu

Shops:
D !(}[}?*}[!}}}:=[??=!%?[(

Annotations:
D exclusion: obsidian statue, Boris


Innate Abilities, Weirdness & Mutations

You are tiny and cannot use many weapons and most armour.
You have supernaturally acute eyesight.
You are a herbivore.
You cover ground extremely quickly.
You need consume almost no food.
You have very sharp teeth.
You are partially covered in icy blue scales (AC +1).
You are partially covered in iridescent scales (AC +4).
You are partially covered in large bone plates (AC +2, SH +2).
Your flesh is cold resistant.
Your muscles are strong. (Str +2)


Message History

Aiming: Iskenderun's Mystic Blast
Press: ? - help, Shift-Dir - straight line, f/p - Boris
Aim: Boris, wearing a glowing robe (almost destroyed, slightly transparent, umbra)
The orb of energy hits Boris.
Boris is almost destroyed.
The orb of energy explodes!
The mystic blast hits the golden dragon zombie.
Boris hits you! Boris completely misses you.
Unknown command.
Casting: Iskenderun's Mystic Blast
Confirm with . or Enter, or press ? or * to list all spells.
Aiming: Iron Shot
Press: ? - help, Shift-Dir - straight line, f/p - Boris
Aim: Boris, wearing a glowing robe (almost destroyed, slightly transparent, umbra)
The iron shot misses Boris.
The iron shot hits the golden dragon zombie.
Boris conjures a glowing orb.
The wavering orb of destruction weakly hits you!
Ouch! That really hurt!
You die...

≈▓#∩.####################.#......
≈▓#∩...........##.#.#.#.#........
≈▓##...........##................
▓▓ ##############................
***********########'#############
,**,≈,,,,≈,#ZZL###...##,*≈≈≈≈≈≈**
***≈,,,,,,≈#..Z##.....##+*,≈≈,≈*,
≈**,,,,,,..#'###.......#**,,,,≈*,
,**,,,,,,..'.ZZL@......+,,,,,,,,,
,**,,,,,,..#'###.......#****,,≈*,
,**≈,,,,,,≈#≈≈≈##.....##,,,**,≈*,
,**,≈,,,,≈,#+#+###...##*,*,,**+**
,*####++####.#.# ##+##**,**,**,,,
8*#..+.....#+#####,≈≈≈+*,**,****,
**########.#..+∩∩#,≈≈,*,,**,,,,,,
,,#3.,* ##.####∩∩#,≈≈,*******+***
,,#2.3###...###..#,,≈,*,,+≈⌠,,,≈,


You could see Boris (invisible), a golden dragon zombie and a stone giant
skeleton.

Vanquished Creatures
  Frederick (D)
  A bone dragon (D)
  Rupert (D)
  A lich (D)
  Frances (D)
  A kraken (D)
  2 sphinxes (D)
  Gastronok (D)
  Chuck (D)
  2 shadow dragons (D)
  Roxanne (D)
  A greater naga (D)
  Maud (D)
  2 vampire knights (D)
  A deep elf demonologist (D)
  2 dire elephants (D)
  A mummy priest (D)
  2 deep elf high priests (D)
  A fire dragon (D)
  2 hydras (D)
  A yaktaur captain (D)
  A ghost crab (shapeshifter) (D)
  A naga warrior (D)
  An ogre mage (D)
  Erolcha (D)
  A centaur warrior (D)
  3 anacondas (D)
  4 death yaks (D)
  An alligator snapping turtle (D)
  4 dancing weapons (D)
  2 deep elf knights (D)
  A death drake (D)
  2 skeletal warriors (D)
  A spriggan druid (D)
  4 anaconda zombies (D)
  A spectral iron dragon (D)
  A lindwurm (D)
  An obsidian statue (D)
  2 oklob plants (D)
  A mana viper (shapeshifter) (D)
  4 crystal guardians (D)
  5 deep elf conjurers (D)
  3 ugly things (D)
  2 cyclopes (shapeshifter) (D)
  2 elephants (D)
  A guardian serpent (D)
  4 statues (D)
  7 black mambas (D)
  2 spiny frogs (D)
  An iron troll simulacrum (D)
  A queen bee (D)
  A deep elf priest (D)
  A komodo dragon (D)
  A fire drake (D)
  3 wandering mushrooms (D)
  13 guardian mummies (D)
  4 spriggan defenders (D)
  A merfolk (shapeshifter) (D)
  3 orc high priests (D)
  3 slime creatures (D)
  5 snapping turtles (D)
  8 blink frogs (D)
  2 spriggans (D)
  4 redbacks (D)
  2 trapdoor spiders (D)
  A shadow (D)
  2 nagas (D)
  2 hill giants (D)
  A spatial vortex (D)
  A swamp drake (D)
  2 orc warriors (D)
  4 water moccasins (D)
  A necrophage (D)
  3 two-headed ogres (D)
  2 brain worms (D)
  A water elemental (D)
  A scorpion (D)
  32 killer bees (D)
  An electric eel (D)
  A jelly (D)
  A wizard (D)
  2 orc wizards (D)
  4 orc priests (D)
  3 necromancers (D)
  3 humans (D)
  A kobold demonologist (D)
  4 adders (D)
  An ooze (D)
  3 adder zombies (D)
  An adder simulacrum (D)
  11 orcs (D)
  A giant gecko zombie (D)
  3 rats (D)
  A plant (D)
237 creatures vanquished.

Vanquished Creatures (collateral kills)
  Wiglaf (D)
  A vampire knight (D)
  A deep elf priest (D)
3 creatures vanquished.

Vanquished Creatures (others)
  2 draconian scorchers (D)
  2 yaktaurs (D)
  A bush (D)
  9 fulminant prisms (D)
14 creatures vanquished.

Grand Total: 254 creatures vanquished

Notes
Turn   | Place    | Note
--------------------------------------------------------------
     0 | D        | Kidiri the Spriggan Enchanter began the quest for the Orb.
     0 | D        | Reached XP level 1. HP: 9/9 MP: 5/5
     4 | D        | Reached skill level 5 in Stealth
    56 | D        | Reached skill level 5 in Dodging
    56 | D        | Reached skill level 6 in Stealth
    56 | D        | Reached XP level 2. HP: 4/13 MP: 5/8
    63 | D        | Killed a yaktaur
    66 | D        | Learned a level 2 spell: Ensorcelled Hibernation
   272 | D        | Killed a white draconian scorcher
   286 | D        | Noticed a scorpion
   306 | D        | Killed a scorpion
   306 | D        | Reached skill level 7 in Stealth
   306 | D        | Reached skill level 5 in Spellcasting
   306 | D        | Reached skill level 5 in Hexes
   306 | D        | Reached skill level 1 in Ice Magic
   306 | D        | Reached XP level 3. HP: 16/16 MP: 2/10
   306 | D        | Reached XP level 4. HP: 21/21 MP: 2/12
   311 | D        | Learned a level 3 spell: Confuse
   315 | D        | Learned a level 3 spell: Tukima's Dance
   319 | D        | Learned a level 3 spell: Dazzling Spray
   337 | D        | Killed a white draconian scorcher
   346 | D        | Gained mutation: You are weak. (Str -2) [potion of mutation]
   346 | D        | Gained mutation: You are partially covered in large bone plates (AC +2, SH +2). [potion of mutation]
   346 | D        | Gained mutation: Your body sometimes deteriorates upon taking damage. [potion of mutation]
   347 | D        | Lost mutation: You are weak. (Str -2) [potion of cure mutation]
   347 | D        | Lost mutation: Your body sometimes deteriorates upon taking damage. [potion of cure mutation]
   348 | D        | Gained mutation: You have very sharp teeth. [potion of mutation]
   348 | D        | Gained mutation: Your flesh is cold resistant. [potion of mutation]
   349 | D        | Gained mutation: You are partially covered in iridescent scales (AC +4). [potion of mutation]
   349 | D        | Gained mutation: Your muscles are strong. (Str +2) [potion of mutation]
   443 | D        | Noticed a water elemental
   445 | D        | Killed a water elemental
   445 | D        | Reached skill level 8 in Stealth
   455 | D        | Noticed a jelly
   456 | D        | Noticed a shadow
   481 | D        | Killed a shadow
   481 | D        | Reached skill level 9 in Stealth
   481 | D        | Reached XP level 5. HP: 13/24 MP: 6/15
   481 | D        | Reached XP level 6. HP: 15/28 MP: 6/17
   481 | D        | Killed a jelly
   481 | D        | Reached skill level 10 in Stealth
   644 | D        | Found a stormy altar of Qazlal.
   644 | D        | Found a sacrificial altar of Ru.
   644 | D        | Found a burning altar of Makhleb.
   644 | D        | Found a shimmering altar of Xom.
   644 | D        | Noticed a spatial vortex
   645 | D        | Found a viscous altar of Jiyva.
   645 | D        | Found a shadowy altar of Dithmenos.
   645 | D        | Found a sparkling altar of Nemelex Xobeh.
   645 | D        | Found a corrupted altar of Lugonu.
   645 | D        | Found an opulent altar of Gozag.
   649 | D        | Became a worshipper of Dithmenos the Shadowed
   664 | D        | Killed a spatial vortex
   664 | D        | Reached skill level 5 in Short Blades
   664 | D        | Reached skill level 1 in Invocations
   795 | D        | Found a radiant altar of Vehumet.
   796 | D        | Found a deep blue altar of Sif Muna.
   796 | D        | Found an ancient bone altar of Kikubaaqudgha.
   796 | D        | Noticed a wizard
   797 | D        | Killed a wizard
   797 | D        | Reached skill level 11 in Stealth
   820 | D        | Learned a level 4 spell: Fulminant Prism
   825 | D        | Learned a level 4 spell: Iskenderun's Mystic Blast
   893 | D        | Found a glowing silver altar of Zin.
   894 | D        | Found a glowing golden altar of the Shining One.
   894 | D        | Found a white marble altar of Elyvilon.
   894 | D        | Noticed a deep elf priest
   909 | D        | Killed a deep elf priest
   909 | D        | Reached skill level 10 in Dodging
   909 | D        | Reached XP level 7. HP: 21/32 MP: 0/20
  1032 | D        | Found an iron altar of Okawaru.
  1033 | D        | Found a bloodstained altar of Trog.
  1033 | D        | Noticed a human
  1033 | D        | Noticed a human
  1035 | D        | Killed a human
  1035 | D        | Reached skill level 12 in Stealth
  1036 | D        | Killed a human
  1053 | D        | Found a snail-covered altar of Cheibriados.
  1053 | D        | Noticed a necrophage
  1054 | D        | Found a basalt altar of Yredelemnul.
  1054 | D        | Found a blossoming altar of Fedhas.
  1054 | D        | Noticed a necromancer
  1055 | D        | Killed a necrophage
  1055 | D        | Reached XP level 8. HP: 36/36 MP: 22/22
  1056 | D        | Killed a necromancer
  1056 | D        | Acquired Dithmenos's first power
  1074 | D        | Noticed a two-headed ogre
  1074 | D        | Noticed a two-headed ogre
  1078 | D        | Killed a two-headed ogre
  1078 | D        | Reached skill level 10 in Spellcasting
  1081 | D        | Noticed a two-headed ogre
  1085 | D        | Killed a two-headed ogre
  1085 | D        | Reached skill level 13 in Stealth
  1089 | D        | Killed a two-headed ogre
  1240 | D        | Learned a level 5 spell: Venom Bolt
  1241 | D        | Noticed a hill giant
  1244 | D        | Killed a hill giant
  1244 | D        | Acquired Dithmenos's second power
  1249 | D        | Noticed a hill giant
  1249 | D        | Noticed Erolcha
  1251 | D        | Killed a hill giant
  1251 | D        | Reached skill level 1 in Poison Magic
  1252 | D        | Killed Erolcha
  1252 | D        | Reached skill level 14 in Stealth
  1252 | D        | Reached XP level 9. HP: 39/39 MP: 23/25
  1266 | D        | Noticed a redback
  1269 | D        | Killed a redback
  1269 | D        | Reached skill level 5 in Ice Magic
  1280 | D        | Noticed a trapdoor spider
  1284 | D        | Killed a trapdoor spider
  1290 | D        | Noticed a trapdoor spider
  1309 | D        | Killed a trapdoor spider
  1309 | D        | Acquired Dithmenos's third power
  1392 | D        | Killed a yaktaur
  1553 | D        | Learned a level 6 spell: Iron Shot
  1553 | D        | Noticed a killer bee
  1553 | D        | Noticed a killer bee
  1553 | D        | Noticed a killer bee
  1553 | D        | Noticed a killer bee
  1553 | D        | Noticed a killer bee
  1553 | D        | Noticed a killer bee
  1553 | D        | Noticed a queen bee
  1553 | D        | Noticed a killer bee
  1553 | D        | Noticed a killer bee
  1553 | D        | Noticed a killer bee
  1553 | D        | Noticed a killer bee
  1553 | D        | Noticed a killer bee
  1553 | D        | Noticed a killer bee
  1553 | D        | Noticed a killer bee
  1553 | D        | Noticed a killer bee
  1554 | D        | Noticed a killer bee
  1554 | D        | Noticed a killer bee
  1554 | D        | Noticed a killer bee
  1554 | D        | Noticed a killer bee
  1554 | D        | Noticed a killer bee
  1554 | D        | Noticed a killer bee
  1554 | D        | Noticed a killer bee
  1554 | D        | Noticed a killer bee
  1554 | D        | Noticed a killer bee
  1554 | D        | Noticed a killer bee
  1554 | D        | Noticed a killer bee
  1554 | D        | Noticed a killer bee
  1554 | D        | Noticed a killer bee
  1554 | D        | Noticed a killer bee
  1554 | D        | Noticed a killer bee
  1554 | D        | Noticed a killer bee
  1554 | D        | Noticed a killer bee
  1554 | D        | Noticed a killer bee
  1555 | D        | Killed a killer bee
  1556 | D        | Killed a killer bee
  1560 | D        | Killed a killer bee
  1562 | D        | Killed a killer bee
  1564 | D        | Killed a killer bee
  1566 | D        | Killed a killer bee
  1572 | D        | Killed a killer bee
  1572 | D        | Acquired Dithmenos's fourth power
  1572 | D        | Reached skill level 15 in Stealth
  1574 | D        | Killed a killer bee
  1576 | D        | Killed a killer bee
  1580 | D        | Killed a killer bee
  1582 | D        | Killed a killer bee
  1725 | D        | Killed a killer bee
  1734 | D        | Killed a killer bee
  1736 | D        | Killed a killer bee
  1742 | D        | Killed a killer bee
  1744 | D        | Killed a killer bee
  1746 | D        | Killed a killer bee
  1748 | D        | Killed a killer bee
  1753 | D        | Killed a killer bee
  1755 | D        | Killed a killer bee
  1757 | D        | Killed a killer bee
  1759 | D        | Killed a queen bee
  1761 | D        | Killed a killer bee
  1890 | D        | Killed a killer bee
  1890 | D        | Reached XP level 10. HP: 44/44 MP: 27/27
  1892 | D        | Killed a killer bee
  1900 | D        | Killed a killer bee
  1910 | D        | Killed a killer bee
  1910 | D        | Reached skill level 5 in Conjurations
  1919 | D        | Killed a killer bee
  1920 | D        | Killed a killer bee
  1924 | D        | Killed a killer bee
  1926 | D        | Killed a killer bee
  1928 | D        | Killed a killer bee
  1931 | D        | Killed a killer bee
  2089 | D        | Noticed a wandering mushroom
  2090 | D        | Noticed a wandering mushroom
  2090 | D        | Noticed a wandering mushroom
  2091 | D        | Killed a wandering mushroom
  2091 | D        | Reached skill level 16 in Stealth
  2091 | D        | Reached skill level 10 in Hexes
  2093 | D        | Killed a wandering mushroom
  2094 | D        | Killed a wandering mushroom
  2153 | D        | Noticed a spiny frog
  2153 | D        | Noticed a komodo dragon
  2153 | D        | Noticed a spiny frog
  2156 | D        | Killed a komodo dragon
  2156 | D        | Reached skill level 15 in Dodging
  2158 | D        | Killed a spiny frog
  2159 | D        | Killed a spiny frog
  2159 | D        | Reached skill level 5 in Poison Magic
  2181 | D        | Noticed a redback
  2183 | D        | Killed a redback
  2184 | D        | Noticed a brain worm
  2188 | D        | Killed a brain worm
  2193 | D        | Noticed a brain worm
  2195 | D        | Killed a brain worm
  2198 | D        | Noticed a lindwurm
  2200 | D        | Noticed a redback
  2201 | D        | Killed a lindwurm
  2203 | D        | Killed a redback
  2203 | D        | Reached skill level 17 in Stealth
  2207 | D        | Noticed a redback
  2208 | D        | Killed a redback
  2209 | D        | Noticed Maud
  2212 | D        | Killed Maud
  2212 | D        | Reached XP level 11. HP: 47/47 MP: 29/29
  2315 | D        | Noticed an electric eel
  2316 | D        | Noticed a seven-headed hydra
  2316 | D        | Noticed a four-headed hydra
  2317 | D        | Killed an electric eel
  2319 | D        | Killed a seven-headed hydra
  2320 | D        | Killed a four-headed hydra
  2320 | D        | Reached skill level 18 in Stealth
  2332 | D        | Learned a level 7 spell: Orb of Destruction
  2342 | D        | Noticed a death drake
  2345 | D        | Killed a death drake
  2370 | D        | Found a blossoming altar of Fedhas.
  2370 | D        | Noticed a spriggan
  2370 | D        | Noticed a spriggan druid
  2370 | D        | Noticed a spriggan
  2372 | D        | Killed a spriggan druid
  2373 | D        | Killed a spriggan
  2374 | D        | Killed a spriggan
  2374 | D        | Reached skill level 10 in Short Blades
  2396 | D        | Noticed a water moccasin
  2396 | D        | Noticed an anaconda
  2397 | D        | Noticed a water moccasin
  2399 | D        | Killed an anaconda
  2401 | D        | Killed a water moccasin
  2402 | D        | Killed a water moccasin
  2424 | D        | Noticed a black mamba
  2424 | D        | Noticed a black mamba
  2424 | D        | Noticed a water moccasin
  2424 | D        | Noticed a black mamba
  2424 | D        | Noticed an anaconda
  2424 | D        | Noticed a water moccasin
  2425 | D        | Killed a water moccasin
  2426 | D        | Noticed an anaconda
  2427 | D        | Killed an anaconda
  2427 | D        | Reached skill level 15 in Spellcasting
  2428 | D        | Killed a black mamba
  2429 | D        | Killed a water moccasin
  2434 | D        | Killed a black mamba
  2434 | D        | Reached skill level 19 in Stealth
  2437 | D        | Killed a black mamba
  2443 | D        | Killed an anaconda
  2523 | D        | Noticed a black mamba
  2523 | D        | Noticed a black mamba
  2525 | D        | Killed a black mamba
  2529 | D        | Killed a black mamba
  2556 | D        | Noticed a naga
  2556 | D        | Noticed a naga
  2557 | D        | Noticed a naga warrior
  2557 | D        | Noticed a greater naga
  2557 | D        | Found Dufoc's Antique Armour Shop.
  2557 | D        | Found Naofiys's Gadget Shoppe.
  2557 | D        | Found Fybruder's Magic Scroll Boutique.
  2558 | D        | Killed a naga
  2559 | D        | Killed a naga
  2561 | D        | Killed a naga warrior
  2561 | D        | Reached XP level 12. HP: 51/51 MP: 27/32
  2562 | D        | Killed a greater naga
  2577 | D        | Noticed a guardian serpent
  2579 | D        | Killed a guardian serpent
  2582 | D        | Got a serpentine rune of Zot
  2679 | D        | Noticed a swamp drake
  2679 | D        | Noticed a fire drake
  2680 | D        | Killed a fire drake
  2680 | D        | Reached skill level 20 in Stealth
  2682 | D        | Killed a swamp drake
  2689 | D        | Noticed a blink frog
  2690 | D        | Noticed a blink frog
  2690 | D        | Noticed a blink frog
  2690 | D        | Noticed a blink frog
  2690 | D        | Noticed a blink frog
  2691 | D        | Killed a blink frog
  2693 | D        | Killed a blink frog
  2695 | D        | Killed a blink frog
  2697 | D        | Killed a blink frog
  2709 | D        | Killed a blink frog
  2953 | D        | Noticed Rupert
  2955 | D        | Killed Rupert
  2978 | D        | Noticed a death yak
  2979 | D        | Noticed a death yak
  2979 | D        | Noticed a blink frog
  2979 | D        | Noticed an azure jelly
  2979 | D        | Noticed a death yak
  2979 | D        | Noticed an azure jelly
  2979 | D        | Noticed a blink frog
  2979 | D        | Noticed a death yak
  2980 | D        | Killed a death yak
  2981 | D        | Killed a death yak
  2982 | D        | Killed a blink frog
  2983 | D        | Noticed a blink frog
  2983 | D        | Noticed a black mamba
  2984 | D        | Killed a death yak
  2985 | D        | Noticed a black mamba
  2986 | D        | Killed a death yak
  2986 | D        | Reached skill level 21 in Stealth
  2987 | D        | Killed a blink frog
  2988 | D        | Killed a blink frog
  2990 | D        | Killed a black mamba
  2991 | D        | Killed a black mamba
  3029 | D        | Noticed a kraken
  3032 | D        | Noticed a snapping turtle
  3040 | D        | Killed a kraken
  3041 | D        | Noticed an alligator snapping turtle
  3041 | D        | Noticed a snapping turtle
  3041 | D        | Noticed a snapping turtle
  3041 | D        | Found Igolluj's Gadget Shop.
  3041 | D        | Found Besapnoh's Antique Weapon Boutique.
  3041 | D        | Found Ytobosit's Distillery.
  3042 | D        | Killed a snapping turtle
  3043 | D        | Noticed a snapping turtle
  3043 | D        | Noticed a snapping turtle
  3044 | D        | Killed a snapping turtle
  3045 | D        | Killed a snapping turtle
  3049 | D        | Killed an alligator snapping turtle
  3049 | D        | Reached XP level 13. HP: 55/55 MP: 14/35
  3050 | D        | Killed a snapping turtle
  3052 | D        | Killed a snapping turtle
  3063 | D        | Learned a level 7 spell: Spellforged Servitor
  3070 | D        | Got a barnacled rune of Zot
  3102 | D        | Noticed an azure jelly
  3102 | D        | Noticed an azure jelly
  3159 | D        | Noticed an elephant
  3159 | D        | Noticed an elephant
  3159 | D        | Noticed a dire elephant
  3159 | D        | Noticed a dire elephant
  3159 | D        | Noticed Gastronok
  3161 | D        | Killed Gastronok
  3161 | D        | Reached skill level 1 in Summonings
  3161 | D        | Reached skill level 1 in Earth Magic
  3162 | D        | Killed a dire elephant
  3164 | D        | Killed a dire elephant
  3164 | D        | Reached skill level 22 in Stealth
  3168 | D        | Killed an elephant
  3170 | D        | Killed an elephant
  3185 | D        | Gained mutation: You are partially covered in icy blue scales (AC +1). [potion of mutation]
  3270 | D        | Noticed Wiglaf
  3272 | D        | Noticed Frances
  3298 | D        | Killed Wiglaf
  3314 | D        | Killed Frances
  3561 | D        | Noticed an orc high priest
  3561 | D        | Noticed an orc high priest
  3562 | D        | Noticed an orc high priest
  3562 | D        | Noticed an orc priest
  3563 | D        | Killed an orc high priest
  3564 | D        | Killed an orc high priest
  3566 | D        | Killed an orc priest
  3567 | D        | Killed an orc high priest
  3621 | D        | Noticed an obsidian statue
  3624 | D        | Noticed a spriggan defender
  3625 | D        | Noticed a spriggan defender
  3625 | D        | Noticed a spriggan defender
  3625 | D        | Noticed a spriggan defender
  3626 | D        | Killed a spriggan defender
  3627 | D        | Killed a spriggan defender
  3629 | D        | Killed a spriggan defender
  3630 | D        | Killed a spriggan defender
  3672 | D        | Noticed a slime creature
  3675 | D        | Killed a slime creature
  3676 | D        | Noticed a cyclops
  3680 | D        | Killed a cyclops
  3680 | D        | Reached skill level 10 in Poison Magic
  3693 | D        | Noticed a cyclops
  3695 | D        | Killed a cyclops
  3707 | D        | Noticed a slime creature
  3710 | D        | Killed a slime creature
  3716 | D        | Noticed a fire dragon
  3719 | D        | Killed a fire dragon
  3730 | D        | Noticed a centaur warrior
  3734 | D        | Killed a centaur warrior
  3801 | D        | Noticed a halberd of protection
  3801 | D        | Noticed a trident of piercing
  3802 | D        | Noticed a short sword of draining
  3803 | D        | Noticed a trident of piercing
  3804 | D        | Killed a short sword of draining
  3806 | D        | Killed a trident of piercing
  3808 | D        | Killed a halberd of protection
  3811 | D        | Killed a trident of piercing
  3811 | D        | Reached skill level 23 in Stealth
  3866 | D        | Noticed a slime creature
  3866 | D        | Noticed a mana viper
  3868 | D        | Killed a mana viper
  3870 | D        | Killed a slime creature
  3874 | D        | Noticed a yaktaur captain
  3937 | D        | Killed a yaktaur captain
  4218 | D        | Noticed a brown ugly thing
  4222 | D        | Killed a brown ugly thing
  4224 | D        | Noticed Chuck
  4335 | D        | Killed Chuck
  4335 | D        | Reached skill level 10 in Ice Magic
  4458 | D        | Noticed a merfolk
  4459 | D        | Noticed a ghost crab
  4461 | D        | Noticed Frederick
  4462 | D        | Killed a ghost crab
  4470 | D        | Killed a merfolk
  4728 | D        | Killed Frederick
  4728 | D        | Reached skill level 5 in Earth Magic
  4728 | D        | Reached XP level 14. HP: 7/59 MP: 36/38
  5020 | D        | Noticed a brown ugly thing
  5022 | D        | Killed a brown ugly thing
  5036 | D        | Noticed a lich
  5038 | D        | Killed a lich
  5046 | D        | Noticed a cyan ugly thing
  5048 | D        | Killed a cyan ugly thing
  5051 | D        | Noticed a shadow dragon
  5051 | D        | Noticed an ogre mage
  5051 | D        | Noticed a shadow dragon
  5053 | D        | Killed a shadow dragon
  5053 | D        | Reached skill level 24 in Stealth
  5054 | D        | Killed a shadow dragon
  5054 | D        | Reached skill level 5 in Summonings
  5055 | D        | Killed an ogre mage
  5082 | D        | Noticed an obsidian statue
  5129 | D        | Got a sparkling marble ring
  5134 | D        | Got a heavily runed wooden ring
  5139 | D        | Identified the ring of Surprise {*Drain rF+ rN+++ MP+9 SInv} (You found it in the Dungeon)
  5140 | D        | Identified the ring of Secrit {Ice rPois Int+3 SInv} (You found it in the Dungeon)
  5144 | D        | Learned a level 2 spell: Shroud of Golubria
  5148 | D        | Learned a level 3 spell: Regeneration
  5242 | D        | Noticed a vampire knight
  5247 | D        | Killed a vampire knight
  5247 | D        | Reached skill level 1 in Translocations
  5287 | D        | Noticed a skeletal warrior
  5289 | D        | Killed a skeletal warrior
  5289 | D        | Reached skill level 15 in Hexes
  5289 | D        | Reached skill level 1 in Charms
  5454 | D        | Noticed a guardian mummy
  5456 | D        | Killed a guardian mummy
  5456 | D        | Reached skill level 1 in Necromancy
  5461 | D        | Noticed a guardian mummy
  5463 | D        | Killed a guardian mummy
  5588 | D        | Noticed a bone dragon
  5590 | D        | Killed a bone dragon
  5594 | D        | Noticed a necromancer
  5596 | D        | Killed a necromancer
  5603 | D        | Noticed a guardian mummy
  5605 | D        | Killed a guardian mummy
  5643 | D        | Noticed a necromancer
  5645 | D        | Killed a necromancer
  5652 | D        | Noticed a guardian mummy
  5654 | D        | Killed a guardian mummy
  5862 | D        | Noticed a vampire knight
  5877 | D        | Killed a vampire knight
  5971 | D        | Noticed a vampire knight
  5984 | D        | Killed a vampire knight
  6007 | D        | Noticed a skeletal warrior
  6009 | D        | Killed a skeletal warrior
  6126 | D        | Noticed a guardian mummy
  6127 | D        | Noticed a sphinx
  6127 | D        | Noticed a sphinx
  6128 | D        | Killed a guardian mummy
  6266 | D        | Noticed a guardian mummy
  6267 | D        | Killed a sphinx
  6268 | D        | Killed a sphinx
  6270 | D        | Killed a guardian mummy
  6376 | D        | Noticed a guardian mummy
  6377 | D        | Noticed a guardian mummy
  6378 | D        | Killed a guardian mummy
  6380 | D        | Killed a guardian mummy
  6490 | D        | Noticed a guardian mummy
  6490 | D        | Noticed a guardian mummy
  6491 | D        | Noticed a mummy priest
  6492 | D        | Killed a guardian mummy
  6493 | D        | Noticed a guardian mummy
  6493 | D        | Noticed a guardian mummy
  6494 | D        | Killed a mummy priest
  6494 | D        | Reached skill level 25 in Stealth
  6494 | D        | Reached skill level 5 in Charms
  6494 | D        | Reached skill level 5 in Translocations
  6497 | D        | Killed a guardian mummy
  6755 | D        | Killed a guardian mummy
  6756 | D        | Noticed a guardian mummy
  6757 | D        | Killed a guardian mummy
  6797 | D        | Killed a guardian mummy
  7262 | D        | Noticed a yaktaur
  7262 | D        | Noticed a yaktaur
  7262 | D        | Noticed a yaktaur captain
  7295 | D        | Noticed an orc priest
  7297 | D        | Noticed an orc priest
  7297 | D        | Noticed an orc wizard
  7297 | D        | Noticed an orc warrior
  7297 | D        | Noticed an orc warrior
  7297 | D        | Noticed an orc priest
  7297 | D        | Noticed an orc wizard
  7297 | D        | Found Eppeakuh's General Store.
  7299 | D        | Killed an orc priest
  7299 | D        | Killed an orc priest
  7304 | D        | Killed an orc warrior
  7306 | D        | Killed an orc priest
  7309 | D        | Killed an orc warrior
  7316 | D        | Killed an orc wizard
  7324 | D        | Killed an orc wizard
  7939 | D        | Noticed a deep elf knight
  7939 | D        | Noticed a deep elf priest
  7939 | D        | Noticed a deep elf conjurer
  7939 | D        | Noticed a deep elf conjurer
  7939 | D        | Noticed a deep elf knight
  7948 | D        | Killed a deep elf conjurer
  7955 | D        | Killed a deep elf priest
  7961 | D        | Killed a deep elf knight
  7961 | D        | Reached skill level 10 in Conjurations
  7965 | D        | Killed a deep elf knight
  7970 | D        | Killed a deep elf conjurer
  8100 | D        | Bought a scroll of magic mapping for 45 gold pieces
  8100 | D        | Bought a scroll of remove curse for 39 gold pieces
  8337 | D        | Noticed a deep elf conjurer
  8338 | D        | Noticed a deep elf demonologist
  8338 | D        | Noticed a deep elf high priest
  8342 | D        | Noticed a deep elf high priest
  8344 | D        | Killed a deep elf conjurer
  8347 | D        | Noticed a deep elf blademaster
  8348 | D        | Noticed a deep elf conjurer
  8361 | D        | Killed a deep elf demonologist
  8364 | D        | Killed a deep elf high priest
  8690 | D        | Killed a deep elf high priest
  8690 | D        | Reached XP level 15. HP: 63/63 MP: 28/40
  8700 | D        | Noticed a deep elf conjurer
  8755 | D        | Killed a deep elf conjurer
  8760 | D        | Killed a deep elf conjurer
  8973 | D        | Bought a potion of flight for 33 gold pieces
  8973 | D        | Bought a potion of curing for 33 gold pieces
 10003 | D        | HP: 1/63 [deep elf blademaster (11)]
 10499 | D        | Killed an obsidian statue
 10718 | D        | Found Roaw's Magic Scroll Emporium.
 10718 | D        | Found Cidoethru's Distillery.
 10718 | D        | Found Olus Jua's Antique Weapon Shoppe.
 10718 | D        | Found Lecepiytti's Magic Scroll Boutique.
 10718 | D        | Found Vemuaj's Jewellery Emporium.
 10718 | D        | Found Quicwetha's Antique Armour Shop.
 10718 | D        | Found Omuyvuidgh's Magic Scroll Emporium.
 10718 | D        | Found Forrool's Food Boutique.
 10719 | D        | Found Tyarph's Antique Armour Boutique.
 10719 | D        | Found Lij Emi's Jewellery Shoppe.
 10719 | D        | Found Jefaso's Book Shop.
 10719 | D        | Found Cuedeot's Gadget Emporium.
 10747 | D        | Bought a scroll of blinking for 75 gold pieces
 10747 | D        | Bought a scroll of blinking for 75 gold pieces
 10768 | D        | Noticed a crystal guardian
 10768 | D        | Noticed a crystal guardian
 10768 | D        | Noticed a crystal guardian
 10769 | D        | Noticed a crystal guardian
 10770 | D        | Killed a crystal guardian
 10772 | D        | Killed a crystal guardian
 10774 | D        | Killed a crystal guardian
 10777 | D        | Killed a crystal guardian
 10826 | D        | Noticed a fire elementalist statue
 10826 | D        | Noticed an earth elementalist statue
 10829 | D        | Killed a fire elementalist statue
 10889 | D        | Noticed a water elementalist statue
 10889 | D        | Noticed an air elementalist statue
 10891 | D        | Killed a water elementalist statue
 10932 | D        | Killed an air elementalist statue
 10935 | D        | Killed an earth elementalist statue
 11070 | D        | Noticed an anaconda zombie
 11072 | D        | Killed an anaconda zombie
 11076 | D        | Noticed an anaconda zombie
 11083 | D        | Killed an anaconda zombie
 11103 | D        | Found Ximupo Xirer's Armour Emporium.
 11103 | D        | Found Feoh's Gadget Shop.
 11103 | D        | Found Hios's Distillery.
 11103 | D        | Found Isecua's Gadget Shoppe.
 11103 | D        | Noticed an oklob plant
 11104 | D        | Noticed an oklob plant
 11105 | D        | Killed an oklob plant
 11106 | D        | Killed an oklob plant
 11109 | D        | Bought a +2 cloak for 214 gold pieces
 11119 | D        | Noticed Roxanne
 11126 | D        | Killed Roxanne
 11306 | D        | Found Wutewn's Gadget Boutique.
 11306 | D        | Noticed an iron troll simulacrum
 11309 | D        | Killed an iron troll simulacrum
 11377 | D        | Noticed an ice devil
 11377 | D        | Noticed a hell beast
 11377 | D        | Noticed a sun demon
 11377 | D        | Noticed a sun demon
 11377 | D        | Noticed a hell beast
 11377 | D        | Noticed a soul eater
 11437 | D        | Noticed a stone giant skeleton
 11437 | D        | Noticed an anaconda zombie
 11438 | D        | Noticed an anaconda zombie
 11438 | D        | Noticed Boris
 11438 | D        | Noticed a spectral iron dragon
 11438 | D        | Noticed a golden dragon zombie
 11443 | D        | Killed an anaconda zombie
 11447 | D        | Killed an anaconda zombie
 11453 | D        | Killed a spectral iron dragon
 11562 | D        | Blown up by Boris

Vault maps used:
D:        dungeon_sprint_mu

Action                   |  1- 3 |  4- 6 |  7- 9 | 10-12 | 13-15 || total
-------------------------+-------+-------+-------+-------+-------++-------
Melee: Dagger            |    19 |    16 |    53 |    88 |    73 ||   249
       Short sword       |       |       |       |       |   153 ||   153
 Cast: Corona            |     2 |       |       |       |       ||     2
       Ensorcelled Hiber |     3 |     2 |    36 |    17 |    10 ||    68
       Dazzling Spray    |       |    13 |       |     8 |    42 ||    63
       Confuse           |       |     1 |     1 |       |    18 ||    20
       Fulminant Prism   |       |       |     1 |       |     8 ||     9
       Iskenderun's Myst |       |       |       |     1 |     5 ||     6
       Tukima's Dance    |       |       |       |       |    18 ||    18
       Venom Bolt        |       |       |       |       |    31 ||    31
       Orb of Destructio |       |       |       |       |     3 ||     3
       Shroud of Golubri |       |       |       |       |     1 ||     1
       Iron Shot         |       |       |       |       |    25 ||    25
Invok: Shadow Step       |       |       |       |    20 |    19 ||    39
  Use: Potion            |     1 |     6 |       |       |    10 ||    17
       Scroll            |       |     4 |       |     2 |     6 ||    12
 Stab: Sleeping          |     4 |     4 |    36 |    68 |    71 ||   183
       Held in net/web   |       |       |     1 |       |       ||     1
       Invisible         |       |       |       |     2 |     2 ||     4
       Distracted        |       |       |       |       |     2 ||     2
       Confused          |       |       |       |       |     6 ||     6
  Eat: Bread ration      |       |       |       |     1 |     1 ||     2
       Fruit             |       |       |       |       |     9 ||     9
